 Dungeon Crawl Stone Soup version 0.20.1-1-g8b1a95d (webtiles) character file.

47 Alelolelolen the Insei (level 3, 0/23 HPs)
             Began as an Octopode Transmuter on Oct 24, 2017.
             Slain by a kobold
             ... wielding a cursed +0 short sword
              (3 damage)
             ... on level 2 of the Dungeon.
             The game lasted 00:02:22 (1786 turns).

Alelolelolen the Insei (Octopode Transmuter)        Turns: 1786, Time: 00:02:22

Health: 0/23       AC:  1    Str:  9    XL:     3   Next: 70%
Magic:  5/6        EV: 13    Int: 16    God:
Gold:   46         SH:  0    Dex: 12    Spells: 5/6 levels left

rFire    . . .     SeeInvis .     - Unarmed
rCold    . . .     Gourm    .   (no shield)
rNeg     . . .     Faith    .   (helmet restricted)
rPois    .         Spirit   .   (no amulet)
rElec    .         Reflect  .   g - ring of resist corrosion
rCorr    +         Harm     .   (no ring)
MR       .....                  (no ring)
Stlth    +++.......             (no ring)
Regen    0.1/turn               (no ring)
MPRegen  0.1/turn               (no ring)
                                (no ring)
                                (no ring)

@: lethally poisoned (0 -> -3), appendage
A: almost no armour, stealthy swim, amphibious, 8 rings, constrict 8, tentacle
spike 3, camouflage 1, gelatinous body 1
a: End Transformation


You were on level 2 of the Dungeon.
You were hungry.
One of your tentacles had a temporary spike.
You visited 1 branch of the dungeon, and saw 2 of its levels.

You collected 46 gold pieces.

Inventory:

Hand Weapons
 h - a +0 club
Missiles
 a - 12 arrows
Jewellery
 g - a ring of resist corrosion (left tentacle)
Scrolls
 e - a scroll of identify {unknown}
Potions
 d - a potion of flight {unknown}
 f - a potion of mutation {unknown}
Books
 b - a book of Changes

   Spells                             Type                      Level
   a - Beastly Appendage              Transmutation                1
   b - Sticks to Snakes               Transmutation                2
   c - Spider Form                    Transmutation/Poison         3
   d - Ice Form                       Ice/Transmutation            4
   e - Blade Hands                    Transmutation                5
Comestibles
 c - 2 bread rations


   Skills:
 + Level 1.1 Fighting
 + Level 2.2 Dodging
 * Level 1.9 Stealth
 + Level 3.8 Unarmed Combat
 + Level 2.1 Spellcasting
 * Level 2.1 Transmutations


You had 5 spell levels left.
You knew the following spells:

 Your Spells              Type           Power        Failure   Level  Hunger
a - Beastly Appendage     Tmut           #.....       9%          1    #......


Dungeon Overview and Level Annotations

Branches:
Dungeon (2/15)

Altars:


Innate Abilities, Weirdness & Mutations

You cannot wear most types of armour.
You are very stealthy in the water. (Stealth+)
You are amphibious.
You can wear up to eight rings at the same time.
You can use your tentacles to constrict eight enemies at once.
Your skin changes colour to match your surroundings (Stealth+).
Your rubbery body absorbs attacks. (AC +1, EV +1)
One of your tentacles bears a large vicious spike.


Message History

Confirm with . or Enter, or press ? or * to list all spells.
One of your tentacles grows a vicious spike.
You feel sick. The adder misses you. The kobold barely misses you.
The adder closely misses you.
You tentacle-slap the adder. Your grab misses the adder. You squeeze the adder.
The adder is severely wounded.
The adder closely misses you. The kobold barely misses you.
The adder bites you. x2
You barely miss the adder. You grab the adder.
The adder is severely wounded.
You constrict the adder.
You feel sick. The adder closely misses you.
The kobold hits you with a short sword.
* * * LOW HITPOINT WARNING * * *
The adder barely misses you.
You completely miss the adder. You squeeze the adder.
You kill the adder!
The adder bites you.
* * * LOW HITPOINT WARNING * * *
The kobold hits you with a short sword.
You die...

#.?..... #
#...... ..
#..... ...
#.... ....
#...# .....
#...###
......#.....#
.......@....#
......#SK...#
..... #.....#
....
#[..$...# ###
#.....#.#
#.....# #
#?....#
#######


You could see an adder and a kobold.

Vanquished Creatures
  2 adders
  An ooze (D:1)
  A dart slug (D:1)
  A leopard gecko (D:1)
  A giant cockroach (D:1)
  3 goblins (D:1)
  4 hobgoblins (D:1)
  2 frilled lizards (D:1)
  5 kobolds (D:1)
  2 rats (D:1)
22 creatures vanquished.

Notes
Turn   | Place    | Note
-------+----------+-------------------------------------------
     0 | D:1      | Alelolelolen the Octopode Transmuter began the quest for the Orb.
     0 | D:1      | Reached XP level 1. HP: 13/13 MP: 3/3
   480 | D:1      | Reached XP level 2. HP: 16/18 MP: 5/5
  1176 | D:1      | Reached XP level 3. HP: 19/23 MP: 6/6
  1225 | D:1      | Reached skill level 1 in Stealth
  1786 | D:2      | Slain by a kobold

Skill      XL: |  1  2  3 |
---------------+----------+-----
Stealth        | 1 |  1.9
Fighting       | |  1.1
Dodging        | |  2.2
Unarmed Combat | |  3.8
Spellcasting   | |  2.1
Transmutations | |  2.1

Action                   || total
-------------------------++-------
Melee: Unarmed           ||    52
       Constrict         ||    15
       Tentacles         ||     8
       Kick              ||     2
       Punch             ||     1
 Cast: Beastly Appendage ||     3
 Stab: Sleeping          ||     4
  Eat: Chunk             ||     2
Armor: Skin              ||     1
Dodge: Dodged            ||    29
